 Dungeon Crawl Stone Soup version 0.26-a0-599-gc8f6553d2c (webtiles) character file.

Game seed: 2226084765110326125

50965 andwaal the Unseen (level 15, -2/100 HPs)
             Began as a Kobold Brigand on Aug 28, 2020.
             Was a High Priest of Dithmenos.
             Slain by a tyrant leech (9 damage)
             ... on level 6 of the Lair of Beasts on Aug 29, 2020.
             The game lasted 01:30:17 (29048 turns).

andwaal the Unseen (Kobold Brigand)                Turns: 29048, Time: 01:30:18

Health: -2/100     AC: 14    Str: 11    XL:     15   Next: 0%
Magic:  9/24       EV: 23    Int: 17    God:    Dithmenos [*****.]
Gold:   1029       SH:  0    Dex: 16    Spells: 11/26 levels left

rFire    . . .     SeeInvis .   b - +7 rapier of the Slime-mould {pain, rElec rPois}
rCold    + . .     Faith    .   (shield restricted)
rNeg     . . .     Spirit   .   C - +1 steam dragon scales
rPois    +         Reflect  .   V - +0 helmet
rElec    +         Harm     .   c - +1 cloak
rCorr    .                      D - +1 pair of gloves
MR       +....                  n - +2 pair of boots
Stlth    ++++++....             (no amulet)
HPRegen  0.26/turn              I - ring of wizardry
MPRegen  0.19/turn              k - ring of protection from cold

@: wreathed by umbra, very slow
A: small, nightstalker 3
a: Shadow Step, Shadow Form, Renounce Religion


You were on level 6 of the Lair of Beasts.
You worshipped Dithmenos.
Dithmenos was extremely pleased with you.
You visited 3 branches of the dungeon, and saw 17 of its levels.
You also visited: Ice Cave.

You collected 1225 gold pieces.
You spent 196 gold pieces at shops.

Inventory:

Hand Weapons
 a - a +8 dagger
 b - the +7 rapier of the Slime-mould (weapon) {pain, rElec rPois}
   (You found it on level 2 of the Lair of Beasts)

   In the hands of one skilled in necromantic magic, it inflicts extra damage on
   living creatures.
   It insulates you from electricity.
   It protects you from poison.
 E - the +5 long sword "Oqaomani" {speed, Int+4}
   (You found it on level 4 of the Dungeon)

   Attacks with this weapon are significantly faster.
   It affects your intelligence (+4).
 H - a +1 long sword of flaming
Missiles
 d - 21 poisoned darts
 e - 6 curare-tipped darts (quivered)
 j - 18 boomerangs
 B - 5 javelins
Armour
 c - a +1 cloak (worn)
 n - a +2 pair of boots (worn)
 C - +1 steam dragon scales (worn)
 D - a +1 pair of gloves (worn)
 V - a +0 helmet (worn)
Magical Staves
 L - an uncursed staff of death {unknown}
 M - an uncursed staff of cold {unknown}
Jewellery
 k - a ring of protection from cold (right hand)
 A - an uncursed ring of protection from magic
 I - a ring of wizardry (left hand)
 Q - an uncursed ring of wizardry
Wands
 l - a wand of flame (2)
 F - a wand of iceblast (19)
 G - a wand of disintegration (16)
 N - a wand of polymorph (8)
 O - a wand of digging (20)
 X - a wand of acid (11)
 Z - a wand of enslavement (18)
Scrolls
 i - a scroll of brand weapon {unknown}
 m - 3 scrolls of teleportation
 o - 3 scrolls of amnesia {unknown}
 r - 2 scrolls of immolation {unknown}
 u - a scroll of identify
 w - a scroll of magic mapping {unknown}
 y - 2 scrolls of blinking
 z - 12 scrolls of remove curse
 R - a scroll of fear {unknown}
 T - 2 scrolls of silence {unknown}
 W - a scroll of fog {unknown}
Potions
 f - a potion of might
 g - 5 potions of brilliance
 h - 2 potions of haste
 q - 4 potions of flight
 s - 2 potions of stabbing {unknown}
 t - a potion of resistance {unknown}
 v - 3 potions of curing
 x - 2 potions of ambrosia
 K - 4 potions of lignification
 P - 4 potions of heal wounds
 Y - a potion of mutation {unknown}
Miscellaneous
 J - a condenser vane (2/2)
 S - a phantom mirror


   Skills:
 * Level 14.3 Fighting
 + Level 12.0(12.1) Short Blades
 - Level 1.4(5.2) Long Blades
 - Level 5.4 Throwing
 + Level 0.6 Armour
 + Level 10.8 Dodging
 + Level 18.1 Stealth
 - Level 6.0 Spellcasting
 + Level 3.0 Conjurations
 + Level 7.5 Summonings


You had 11 spell levels left.
You knew the following spells:

 Your Spells              Type           Power        Failure   Level
a - Call Imp              Summ           ####....     1%          2
b - Summon Lightning Spi  Summ/Air       ###.....     11%         4
c - Mephitic Cloud        Conj/Pois/Air  #.......     11%         3
d - Blink                 Tloc           N/A          8%          2
e - Summon Ice Beast      Ice/Summ       ###.....     11%         4

Your spell library contained the following spells:

 Spells                   Type           Power        Failure   Level
 Magic Dart               Conj           ###.         1%          1
 Summon Small Mammal      Summ           ####         1%          1
 Call Canine Familiar     Summ           ####....     1%          3
 Shock                    Conj/Air       ##..         2%          1
 Summon Guardian Golem    Hex/Summ       ###.....     3%          3
 Corona                   Hex            #......      5%          1
 Freeze                   Ice            #...         5%          1
 Ensorcelled Hibernation  Hex/Ice        #.....       8%          2
 Poisonous Vapours        Pois/Air       #.....       8%          2
 Slow                     Hex            #.......     8%          2
 Conjure Flame            Conj/Fire      ##......     9%          3
 Dazzling Flash           Conj/Hex       ##....       9%          3
 Confusing Touch          Hex            #.......     16%         3
 Tukima's Dance           Hex            #.......     16%         3
 Iskenderun's Battlesphe  Conj           ###.....     38%         5
 Ice Form                 Ice/Tmut       #.......     43%         4
 Metabolic Englaciation   Hex/Ice        #.........   77%         5
 Silence                  Hex/Air        #.........   77%         5
 Conjure Ball Lightning   Conj/Air       ##........   98%         6
 Freezing Cloud           Conj/Ice/Air   #.........   99%         6
 Ozocubu's Refrigeration  Ice            #.........   99%         6
 Simulacrum               Ice/Necr       #.........   99%         6
 Spellforged Servitor     Conj/Summ      ###.......   99%         7
 Orb of Destruction       Conj           ###.......   100%        7
 Tornado                  Air            #.........   100%        9


Dungeon Overview and Level Annotations

Branches:
Dungeon (10/15)            Temple (1/1) D:4            Lair (6/6) D:10
 Shoals (0/4) Lair:3        Snake (0/4) Lair:3        Slime (0/5) Lair:6
    Orc (0/2) D:9           IceCv (visited)

Altars:
Ashenzari
Cheibriados
Dithmenos
Elyvilon
Fedhas
Gozag
Hepliaklqana
Kikubaaqudgha
Makhleb
Nemelex Xobeh
Okawaru
Qazlal
Ru
Sif Muna
Trog
Uskayaw
Vehumet
Wu Jian
Xom
Yredelemnul
Zin
The Shining One
Jiyva

Shops:
D:6 [   D:10 =

Annotations:
D:8 hab5's ghost, novice MiBe
Lair:2 exclusion: orange crystal statue
Lair:3 3 runed translucent doors
Lair:6 exclusion: oklob plant


Innate Abilities, Weirdness & Mutations

You are small and have problems with some larger weapons.
You are completely attuned to the shadows.


Message History

The tyrant leech appears confused.
You are too injured to fight recklessly!
You hit the tyrant leech but do no damage.
The tyrant leech is moderately wounded.
You puncture the tyrant leech!
The tyrant leech is heavily wounded.
Your shadow hits the tyrant leech with a rapier.
The tyrant leech closely misses you.
You puncture the tyrant leech!
The tyrant leech is severely wounded.
You barely miss the tyrant leech.
The tyrant leech is severely wounded.
You are too injured to fight recklessly!
You enter the shallow water.
Moving in this stuff is going to be slow.
The tyrant leech bites you!!
* * * LOW HITPOINT WARNING * * *
The tyrant leech draws strength from your injuries!
The tyrant leech seems less confused.
The tyrant leech bites you!
You die...

..P†.≈.≈≈≈.# ≈≈≈≈..##.###
...P..≈.≈≈≈##≈≈≈≈≈≈≈≈≈≈≈≈≈≈##.# #
.....†.†≈≈≈##≈≈≈≈≈≈P≈≈≈P≈≈≈##.#
...F...≈≈≈≈. #≈≈≈≈≈≈≈≈≈≈≈≈.##.#
...†≈†≈≈≈≈≈≈ #≈≈≈≈≈≈≈≈≈≈P≈..#.###
P.....†≈≈≈≈≈ #.≈(≈≈≈≈≈≈≈≈≈≈≈#....
......≈≈≈≈≈≈##≈≈≈.≈≈≈#≈≈≈P≈.##...
..≈P.≈†#≈≈≈≈#≈≈w≈≈.≈≈#≈≈P≈≈.≈≈...
.[...≈≈##≈≈≈#≈=$@≈.≈≈##≈≈≈≈..##..
.#..≈≈## ##≈≈≈):.≈≈≈#####≈≈P....#
..≈ ≈≈≈≈/.)≈≈≈≈≈##≈≈P.P....
≈≈.≈≈?$≈#≈≈≈≈#≈≈≈......
≈≈≈.≈≈≈≈#≈≈≈≈≈≈≈≈......
≈≈≈≈.≈≈##≈≈≈≈≈≈≈.......
≈≈≈≈≈.##.≈≈≈≈≈≈≈.#....
#.≈≈≈≈≈.≈≈.#... ##≈≈≈≈P...##...


You could see a tyrant leech.

Vanquished Creatures
  A frost giant (IceCv)
  Harold (D:7)
  6 hydras
  2 two-headed ogres (D:8)
  5 death yaks
  Nergalle (Lair:3)
  An unseen horror (D:10)
  An ugly thing (D:8)
  An oklob plant (Lair:6)
  7 elephants
  4 black mambas
  An ice statue (IceCv)
  20 cane toads
  A gargoyle (D:7)
  Maggie (D:7)
  A rime drake (IceCv)
  4 komodo dragons
  13 polar bears
  2 tyrant leeches (Lair:6)
  Prince Ribbit (Lair:1)
  20 blink frogs
  2 slime creatures (D:7)
  6 hippogriffs
  Sigmund (D:4)
  41 yaks
  2 wraiths
  A wyvern (D:9)
  A basilisk (D:7)
  6 vampire mosquitoes
  2 nagas (Lair:3)
  10 water moccasins
  13 porcupines
  Duvessa (D:7)
  2 orc warriors
  4 ice beasts
  A phantom (D:5)
  2 black bears
  A necrophage (D:7)
  7 ogres
  20 wolves
  4 centaurs (Lair:3)
  A big kobold (D:8)
  10 crocodiles
  27 bullfrogs
  A gnoll sergeant (D:6)
  2 scorpions
  Dowan (D:7)
  A water moccasin skeleton (D:8)
  3 killer bees (D:9)
  A howler monkey (D:5)
  4 wights
  An electric eel (D:9)
  3 quasits
  3 lava snakes (Lair:2)
  2 bullfrog zombies
  5 jellies
  7 hounds
  2 bullfrog skeletons
  7 orc priests
  Jessica (D:3)
  4 iguanas
  5 orc wizards
  7 worker ants
  3 hound zombies
  A howler monkey zombie (D:5)
  16 adders
  6 gnolls
  3 shadow imps
  4 white imps
  2 ufetubi
  An ooze (D:3)
  An adder zombie (D:5)
  An adder skeleton (D:8)
  5 worms
  4 dart slugs
  5 leopard geckos
  30 orcs
  4 giant cockroaches
  7 goblins
  9 hobgoblins
  3 jackals
  10 kobolds
  3 quokkas
  3 ball pythons
  13 bats
  10 frilled lizards
  2 gnoll zombies (D:6)
  A jackal skeleton (D:6)
  A quokka skeleton (D:5)
  11 rats
478 creatures vanquished.

Vanquished Creatures (collateral kills)
  2 death yaks
  A cane toad (Lair:6)
  4 polar bears (IceCv)
  A blink frog (Lair:6)
  A water moccasin (Lair:6)
  2 wolves (IceCv)
  2 bullfrogs (Lair:6)
  An electric eel (Lair:6)
14 creatures vanquished.

Vanquished Creatures (others)
  A polar bear (IceCv)
  33 fungi
  244 plants
278 creatures vanquished.

Grand Total: 770 creatures vanquished

Notes
Turn   | Place    | Note
-------+----------+-------------------------------------------
     0 | D:1      | andwaal the Kobold Brigand began the quest for the Orb.
     0 | D:1      | Reached XP level 1. HP: 12/12 MP: 1/1
   100 | D:1      | Reached XP level 2. HP: 18/18 MP: 2/2
   427 | D:1      | Reached XP level 3. HP: 22/22 MP: 3/3
   907 | D:1      | Reached skill level 6 in Stealth
  1434 | D:2      | Reached XP level 4. HP: 27/28 MP: 4/4
  1679 | D:2      | Reached XP level 5. HP: 33/33 MP: 5/5
  1890 | D:2      | Found an iron altar of Okawaru.
  1945 | D:2      | Reached skill level 7 in Stealth
  1950 | D:2      | Reached skill level 5 in Throwing
  1950 | D:2      | Reached skill level 5 in Dodging
  1950 | D:2      | Reached skill level 11 in Stealth
  1950 | D:2      | Reached XP level 6. HP: 36/44 MP: 6/6
  2241 | D:3      | Found a glowing golden altar of the Shining One.
  2241 | D:3      | Found an ancient bone altar of Kikubaaqudgha.
  2590 | D:3      | Reached XP level 7. HP: 15/49 MP: 7/7
  4172 | D:3      | Noticed Jessica
  4178 | D:3      | Killed Jessica
  4186 | D:3      | Found a shimmering blue altar of Sif Muna.
  5242 | D:4      | Found a staircase to the Ecumenical Temple.
  5248 | Temple   | Entered the Ecumenical Temple
  5391 | D:4      | Noticed Sigmund
  5396 | D:4      | Killed Sigmund
  5396 | D:4      | Reached XP level 8. HP: 55/55 MP: 8/8
  5431 | D:4      | Got a dazzling long sword
  5622 | D:4      | Found a shadowy altar of Dithmenos.
  5628 | D:4      | Became a worshipper of Dithmenos the Shadowed
  5846 | D:5      | Entered Level 5 of the Dungeon
  6338 | D:5      | Reached skill level 12 in Stealth
  6789 | D:6      | Found Heomeseu's Antique Armour Emporium.
  6794 | D:6      | Bought a smoking leather armour for 196 gold pieces
  6794 | D:6      | Identified the cursed +1 leather armour "Isovvu" {Rampage
                  | Str+2} (You bought it in a shop on level 6 of the Dungeon)
  6900 | D:6      | Reached XP level 9. HP: 50/60 MP: 9/9
  7686 | D:6      | Reached * piety under Dithmenos
  7695 | D:6      | Found a basalt altar of Yredelemnul.
  7841 | D:7      | Found a shimmering altar of Xom.
  7842 | D:7      | Found a shimmering altar of Xom.
  7842 | D:7      | Found a shimmering altar of Xom.
  7842 | D:7      | Found a shimmering altar of Xom.
  7842 | D:7      | Found a shimmering altar of Xom.
  7846 | D:7      | Found a shimmering altar of Xom.
  7908 | D:7      | Noticed Dowan
  7942 | D:7      | Killed Dowan
  8004 | D:7      | Noticed Duvessa
  8030 | D:7      | Killed Duvessa
  8308 | D:7      | Identified the +5 long sword "Oqaomani" {speed, Int+4} (You
                  | found it on level 4 of the Dungeon)
  8338 | D:7      | Noticed Maggie
  8359 | D:7      | Killed Maggie
  8481 | D:7      | Reached skill level 13 in Stealth
  8481 | D:7      | Reached XP level 10. HP: 67/67 MP: 10/10
  8752 | D:7      | Noticed Harold
  8773 | D:7      | Killed Harold
  8773 | D:7      | Reached skill level 10 in Fighting
  9057 | D:7      | Learned a level 2 spell: Call Imp
  9250 | D:7      | Found an opulent altar of Gozag.
  9430 | D:8      | Noticed a two-headed ogre
  9434 | D:8      | Killed a two-headed ogre
  9434 | D:8      | Reached ** piety under Dithmenos
  9434 | D:8      | Reached skill level 1 in Spellcasting
  9434 | D:8      | Reached skill level 1 in Summonings
  9468 | D:8      | Noticed a purple ugly thing
  9845 | D:8      | Found a runed translucent gate.
  9846 | D:8      | Found a runed translucent gate.
  9847 | D:8      | Found a runed translucent gate.
 10281 | D:8      | Killed a purple ugly thing
 10281 | D:8      | Reached skill level 14 in Stealth
 10281 | D:8      | Reached XP level 11. HP: 39/73 MP: 13/13
 11030 | D:8      | Found a burning altar of Makhleb.
 11101 | D:8      | Got a scorched ring mail
 11115 | D:8      | Learned a level 4 spell: Summon Lightning Spire
 11119 | D:8      | Identified the cursed +0 ring mail of the Bruised Lovers
                  | {Rampage rC+ Regen+} (You found it on level 8 of the
                  | Dungeon)
 12139 | D:8      | Noticed hab5's ghost (novice MiBe)
 12141 | D:8      | Found a viscous altar of Jiyva.
 12246 | D:8      | Noticed a two-headed ogre
 12265 | D:8      | Killed a two-headed ogre
 12571 | D:9      | Found a staircase to the Orcish Mines.
 13593 | D:10     | Entered Level 10 of the Dungeon
 13664 | D:10     | Found Yckesiet's Jewellery Shop.
 13847 | D:10     | Killed an unseen horror
 14294 | D:10     | Reached XP level 12. HP: 72/80 MP: 16/16
 14308 | D:10     | Reached skill level 10 in Short Blades
 14308 | D:10     | Reached skill level 15 in Stealth
 14370 | D:10     | Reached *** piety under Dithmenos
 14574 | D:10     | Found a staircase to the Lair.
 14874 | Lair:1   | Entered Level 1 of the Lair of Beasts
 14904 | Lair:1   | Noticed Prince Ribbit
 15302 | Lair:1   | Killed Prince Ribbit
 16033 | Lair:1   | Noticed a five-headed hydra
 16046 | Lair:1   | Killed a one-headed hydra
 16478 | Lair:2   | Found a sparkling altar of Nemelex Xobeh.
 16919 | Lair:2   | Noticed a six-headed hydra
 16924 | Lair:2   | Killed a six-headed hydra
 17351 | Lair:2   | You fall into a shaft and drop 2 floors!
 17426 | Lair:3   | Found a frozen archway.
 17682 | Lair:3   | Reached skill level 16 in Stealth
 17685 | IceCv    | Entered an ice cave
 17701 | IceCv    | Reached XP level 13. HP: 87/87 MP: 19/19
 18757 | IceCv    | Identified Kerpheig's Catalogue of Confrontation
 19320 | IceCv    | Reached skill level 5 in Spellcasting
 19353 | IceCv    | Reached skill level 5 in Summonings
 19353 | IceCv    | Reached **** piety under Dithmenos
 19853 | IceCv    | Noticed a frost giant
 20311 | IceCv    | Killed a frost giant
 20463 | IceCv    | Identified the Guide on Stolen Souls and Snow
 21176 | Lair:2   | Got a transparent rapier
 21177 | Lair:2   | Identified the +7 rapier of the Slime-mould {pain, rElec
                  | rPois} (You found it on level 2 of the Lair of Beasts)
 21734 | Lair:3   | Reached skill level 10 in Dodging
 21762 | Lair:3   | Found a staircase to the Shoals.
 21832 | Lair:3   | Reached skill level 17 in Stealth
 21942 | Lair:3   | Found a staircase to the Snake Pit.
 22069 | Lair:3   | Reached skill level 1 in Long Blades
 22086 | Lair:3   | Noticed Nergalle
 22102 | Lair:3   | Killed Nergalle
 22593 | Lair:3   | Found a runed translucent gate.
 22594 | Lair:3   | Found a runed translucent gate.
 22595 | Lair:3   | Found a runed translucent gate.
 22885 | Lair:3   | Reached XP level 14. HP: 94/94 MP: 22/22
 23215 | Lair:4   | Reached ***** piety under Dithmenos
 24023 | Lair:5   | Learned a level 3 spell: Mephitic Cloud
 24476 | Lair:5   | Found an opulent altar of Gozag.
 24780 | Lair:6   | Entered Level 6 of the Lair of Beasts
 25424 | Lair:5   | Reached skill level 1 in Conjurations
 26000 | Lair:5   | Upgraded the game from 0.26-a0-598-g61e6210cf4 to
                  | 0.26-a0-599-gc8f6553d2c
 26003 | Lair:5   | Learned a level 2 spell: Blink
 26008 | Lair:5   | Learned a level 4 spell: Summon Ice Beast
 26162 | Lair:6   | Found a staircase to the Slime Pits.
 27445 | Lair:5   | Reached skill level 18 in Stealth
 29023 | Lair:6   | Reached XP level 15. HP: 39/100 MP: 11/24
 29048 | Lair:6   | Slain by a tyrant leech

Illustrated notes

Levels and vault maps discovered:
D:1:      roderic_crop_circles_arrival_small, layout_basic
D:2:      layout_loops_ring, okawaru_ov_weapons_minmay
D:3:      layout_loops_ring, tgw_sif, chequers_temple_overflow_statue_of_worship
D:4:      layout_gridville, grunt_dithmenos_shadows,
          minmay_temple_entry_mini_moons, uniq_sigmund
D:5:      lemuel_upstairs_altar, layout_basic, minmay_misc_feat_hallway
D:6:      layout_rooms, lemuel_zombie_altar_yredelemnul, serial_shops, shop,
          dk_rats_in_the_wall
D:7:      kennysheep_six_static_rooms, layout_loops_cross,
          nicolae_overflow_crystal_walls, xom_redecorated, uniq_maggie,
          uniq_harold, uniq_duvessa
D:8:      minmay_the_grid_triangle_9x9_recursive_2
          [minmay_the_grid_triangle_9x9_prize_schism,
          minmay_the_grid_triangle_9x9_empty,
          minmay_the_grid_triangle_9x9_impossible_snake,
          minmay_the_grid_triangle_9x9_windchime], layout_rooms,
          kennysheep_little_box, gammafunk_ghost_ooze, patterned_corridor
D:9:      layout_basic, orc_0_dummy, serial_bayou_lake_a
D:10:     layout_long_grid, lair_entry_dummy, serial_shops, kennysheep_mini,
          hangedman_decor_riveting
Temple:   eino_temple_lava
Lair:1:   layout_layer_cave, uniq_prince_ribbit2
Lair:2:   layout_long_grid, basic_altar, disabler_island,
          infiniplex_staircase_pool_2
Lair:3:   layout_hall_layers, minmay_shoals_entry_centaurs,
          guppyfry_snake_entry_island, gammafunk_ghost_necromancy,
          portal_ice_cave_entry_pillars_1, st_stairs_10, minmay_lindwurm_lava,
          uniq_nergalle
Lair:4:   layout_small_grid
Lair:5:   layout_hall_layers, basic_altar
Lair:6:   minmay_lair_end_frog_pond, layout_loops_ring,
          minmay_slime_entry_oklob_enclosed

Skill      XL: |  1  2  3  4  5  6  7  8  9 10 11 12 13 14 |
---------------+-------------------------------------------+-----
Short Blades   | 3 7 8 9 10 11 12 | 12.0
Fighting       | 3 8 9 10 11 12 13 14 | 14.3
Stealth        | 6 11 12 13 14 16 17 18 | 18.1
Throwing       | 5 |  5.4
Dodging        | 5 6 7 8 9 10 | 10.8
Spellcasting   | 1 3 4 5 6 |  6.0
Summonings     | 1 3 4 5 7 |  7.5
Long Blades    | 1 |  1.4
Conjurations   | 3 |  3.0
Armour         | |  0.6

Action                   |  1- 3 |  4- 6 |  7- 9 | 10-12 | 13-15 || total
-------------------------+-------+-------+-------+-------+-------++-------
Melee: Dagger            |    71 |   122 |    89 |   100 |   125 ||   507
       Short sword       |       |       |   219 |       |       ||   219
       Long sword        |       |       |    22 |   504 |   233 ||   759
       Rapier            |       |       |       |       |   497 ||   497
Throw: Dart              |     7 |    13 |    52 |    29 |     5 ||   106
       Boomerang         |       |       |       |     1 |     5 ||     6
 Cast: Summon Lightning  |       |       |       |       |    25 ||    25
       Call Imp          |       |       |       |       |     9 ||     9
       Summon Ice Beast  |       |       |       |       |    18 ||    18
       Mephitic Cloud    |       |       |       |       |    11 ||    11
       Blink             |       |       |       |       |     1 ||     1
Invok: Shadow Step       |       |       |       |     1 |     3 ||     4
Evoke: Condenser vane    |       |       |       |       |     1 ||     1
  Use: Potion            |     2 |     1 |     1 |     1 |     3 ||     8
       Scroll            |       |     6 |     8 |    11 |     8 ||    33
 Stab: Sleeping          |    13 |    13 |    35 |    49 |    45 ||   155
       Distracted        |       |     1 |     3 |     3 |    25 ||    32
       Confused          |       |       |       |       |     4 ||     4
Armor: Robe              |    14 |    17 |    24 |       |       ||    55
       Leather armour    |       |       |    29 |       |       ||    29
       Steam dragon scal |       |       |       |   117 |   136 ||   253
Dodge: Dodged            |    35 |    68 |   226 |   600 |   854 ||  1783
       Rpst.: Long sword |       |       |     6 |   133 |    65 ||   204

Table legend: (Time is in decaauts)
 A = Elapsed time spent in this place.
 B = Non-inter-level travel time spent in this place.
 C = Inter-level travel time spent in this place.
 D = Time resting spent in this place.
 E = Time spent auto-exploring this place.
 F = Levels seen in this place.
 G = Mean time per level.
                   A        B        C        D        E       F      G
               +--------+--------+--------+--------+--------+-----+--------+
         Total |  28520 |  28037 |    483 |  10912 |  11181 |  18 | 1584.4 |
       Dungeon |  14983 |  14688 |    295 |   4662 |   6789 |  10 | 1498.3 |
        Temple |    126 |    119 |      7 |      0 |     66 |   1 |  126.0 |
          Lair |  10613 |  10433 |    180 |   4367 |   4025 |   6 | 1768.8 |
      Ice Cave |   2797 |   2797 |      0 |   1881 |    300 |   1 | 2797.0 |
               +--------+--------+--------+--------+--------+-----+--------+

Top non-repeatable levels by time:
  Lair:5: 3134 daAuts
   IceCv: 2797 daAuts
     D:7: 2780 daAuts
     D:2: 1975 daAuts
  Lair:3: 1852 daAuts
  Lair:6: 1778 daAuts
     D:3: 1661 daAuts
     D:9: 1484 daAuts
    D:10: 1442 daAuts
     D:6: 1421 daAuts
  Lair:1: 1395 daAuts
  Lair:4: 1393 daAuts
     D:8: 1303 daAuts
  Lair:2: 1058 daAuts
     D:4: 1044 daAuts
